 Dungeon Crawl Stone Soup version 0.30-a0-643-g638baaf3f0 (webtiles) character file.

Game seed: 1620852243201166521

53 Fenrisus the Shield-Bearer (level 3, -2/35 HPs)
             Began as a Gnoll Fighter on Jan 16, 2023.
             Killed by nerve-wracking pain
             ... invoked by Grinder
              (5 damage)
             ... on level 3 of the Dungeon.
             The game lasted 00:07:55 (1603 turns).

Fenrisus the Shield-Bearer (Gnoll Fighter)          Turns: 1603, Time: 00:07:55

Health: -2/35      AC:  9    Str: 17    XL:     3   Next: 89%
Magic:  4/4        EV:  9    Int:  7    God:
Gold:   92         SH:  5    Dex: 11    Spells: 4/4 levels left

rFire   . . .      SeeInvis .    a - +0 long sword (heavy)
rCold   . . .      Faith    .    c - +0 buckler
rNeg    . . .      Spirit   .    b - +0 scale mail
rPois   .          Reflect  .    (no helmet)
rElec   .          Harm     .    (no cloak)
rCorr   .          Rampage  .    (no gloves)
Will    .....                    i - +0 pair of boots Stlth
                                 (no amulet)
HPRegen 0.25/turn                (no ring)
MPRegen 0.09/turn                (no ring)

@: mighty
A: fangs 1, strong nose, distributed training
a: no special abilities


You were on level 3 of the Dungeon.
You visited 1 branch of the dungeon, and saw 3 of its levels.

You collected 92 gold pieces.

Inventory:

Hand Weapons
 a - a +0 heavy long sword (weapon)
 k - a +2 dagger of protection
Armour
 b - a +0 scale mail (worn)
 c - a +0 buckler (worn)
 i - a +0 pair of boots (worn)
Scrolls
 h - a scroll of amnesia
Potions
 e - a potion of mutation {unknown}
 f - a potion of flight {unknown}
 g - a potion of cancellation {unknown}
 j - a potion of resistance {unknown}


   Skills:
 + Level 6.5 Fighting
 + Level 1.0 Short Blades
 + Level 4.6 Long Blades
 + Level 1.0 Axes
 + Level 1.0 Maces & Flails
 + Level 1.0 Polearms
 + Level 1.0 Staves
 + Level 1.0 Ranged Weapons
 + Level 1.0 Throwing
 + Level 6.5 Armour
 + Level 1.0 Dodging
 + Level 1.0 Stealth
 + Level 6.5 Shields
 + Level 1.0 Unarmed Combat
 + Level 1.0 Spellcasting
 + Level 0.7 Conjurations
 + Level 0.7 Hexes
 + Level 0.7 Summonings
 + Level 0.7 Necromancy
 + Level 0.7 Translocations
 + Level 0.7 Transmutations
 + Level 0.7 Fire Magic
 + Level 0.7 Ice Magic
 + Level 0.7 Air Magic
 + Level 0.7 Earth Magic
 + Level 0.7 Poison Magic
 + Level 1.1 Invocations
 + Level 1.0 Evocations


You had 4 spell levels left.
You didn't know any spells.
Your spell library was empty.

Dungeon Overview and Level Annotations

Branches:
Dungeon (3/15)

Altars:

Shops:
D:2 *

Annotations:
D:3 3 runed translucent doors, Grinder; Sapher's ghost, weakling SpTm


Innate Abilities, Weirdness & Mutations

You have very sharp teeth.
Your uncanny sense of smell can sniff out nearby items.
Your experience applies equally to all skills.


Message History

You barely miss Grinder.
Grinder is moderately wounded.
Grinder gestures at you.
You suddenly lose the ability to move!
Grinder hits you but does no damage. Grinder hits you.
You writhe in agony.
Grinder hits you but does no damage.
Grinder says, "I used to sell toenails on the black market."
Grinder gestures at you. You resist with significant effort.
You can move again.
You hit Grinder. Your bite misses Grinder.
Grinder is moderately wounded.
Grinder gestures at you. Pain shoots through your body! Grinder hits you.
You hit Grinder but do no damage.
Grinder is moderately wounded.
Grinder hits you!
You writhe in agony.
* * * LOW HITPOINT WARNING * * *
Grinder barely misses you.
You closely miss Grinder.
Grinder is moderately wounded.
Grinder gestures at you.
You suddenly lose the ability to move!
Grinder blinks!
Grinder says, "You look like you could use a good racking."
Grinder gestures at you.
You shrug off the repeated paralysis!
You can move again.
Grinder hits you.
* * * LOW HITPOINT WARNING * * *
You closely miss Grinder. Your bite misses Grinder.
Grinder is moderately wounded.
Grinder hits you but does no damage.
You slice Grinder!!
Grinder is almost dead.
Grinder blinks!
You feel very mighty all of a sudden. Grinder gestures at you.
Pain shoots through your body!
You die...

....##
#####.####.#
......
........##.#
......
..........)#
......
......#.##.#
......
.......##.##
.....#
.......5...#
.....#
###......#
.....+
#..###.#
.....# #.@#
.# 5....#
#..# .#
.....# #..#
.# ......
.... .#
....## ###..
.. ####


You could see Grinder.

Vanquished Creatures
  2 adders (D:2)
  A worm (D:2)
  2 dart slugs
  A ball python (D:1)
  3 endoplasms
  2 giant cockroaches (D:1)
  3 goblins
  4 hobgoblins
  A quokka (D:1)
  5 kobolds
  5 rats (D:1)
29 creatures vanquished.

Notes
Turn   | Place    | Note
-------+----------+-------------------------------------------
     0 | D:1      | Fenrisus the Gnoll Fighter began the quest for the Orb.
     0 | D:1      | Reached XP level 1. HP: 23/23 MP: 1/1
   191 | D:1      | Reached XP level 2. HP: 28/29 MP: 2/2
  1037 | D:2      | Reached XP level 3. HP: 35/35 MP: 2/4
  1074 | D:2      | Found Huigonec's General Store.
  1101 | D:2      | Reached skill level 1 in Invocations
  1236 | D:2      | Reached skill level 1 in Short Blades
  1236 | D:2      | Reached skill level 1 in Axes
  1236 | D:2      | Reached skill level 1 in Maces & Flails
  1236 | D:2      | Reached skill level 1 in Polearms
  1236 | D:2      | Reached skill level 1 in Staves
  1236 | D:2      | Reached skill level 1 in Ranged Weapons
  1236 | D:2      | Reached skill level 1 in Throwing
  1236 | D:2      | Reached skill level 1 in Dodging
  1236 | D:2      | Reached skill level 1 in Stealth
  1236 | D:2      | Reached skill level 1 in Unarmed Combat
  1236 | D:2      | Reached skill level 1 in Spellcasting
  1236 | D:2      | Reached skill level 1 in Evocations
  1512 | D:3      | Noticed Grinder
  1544 | D:3      | Found a runed translucent gate.
  1544 | D:3      | Found a runed translucent gate.
  1544 | D:3      | Found a runed translucent gate.
  1545 | D:3      | Noticed a kobold brigand
  1545 | D:3      | Noticed Sapher's ghost (weakling SpTm)
  1588 | D:3      | Paralysed by Grinder for 5 turns
  1595 | D:3      | Paralysed by Grinder for 4 turns
  1599 | D:3      | HP: 1/35 [Grinder (5)]
  1603 | D:3      | Killed from afar by Grinder

Illustrated notes

Levels and vault maps discovered:
D:1:      dpeg_arrival_rhombi, layout_basic
D:2:      layout_loops_cross, serial_shops, nicolae_shop_crystal
D:3:      layout_basic, nemelex_xobeh_ov_fountains_minmay,
          gammafunk_ghost_nasty_kobolds, dreamdust_wishing_well, uniq_grinder

Skill      XL: |  1  2  3 |
---------------+----------+-----
Invocations    | 1 |  1.1
Short Blades   | 1 |  1.0
Axes           | 1 |  1.0
Maces & Flails | 1 |  1.0
Polearms       | 1 |  1.0
Staves         | 1 |  1.0
Ranged Weapons | 1 |  1.0
Throwing       | 1 |  1.0
Dodging        | 1 |  1.0
Stealth        | 1 |  1.0
Unarmed Combat | 1 |  1.0
Spellcasting   | 1 |  1.0
Evocations     | 1 |  1.0
Fighting       | |  6.5
Long Blades    | |  4.6
Armour         | |  6.5
Shields        | |  6.5
Conjurations   | |  0.7
Hexes          | |  0.7
Summonings     | |  0.7
Necromancy     | |  0.7
Translocations | |  0.7
Transmutations | |  0.7
Fire Magic     | |  0.7
Ice Magic      | |  0.7
Air Magic      | |  0.7
Earth Magic    | |  0.7
Poison Magic   | |  0.7

Action                   || total
-------------------------++-------
Melee: Long sword        ||    65
       Bite              ||     8
       Dagger            ||    16
  Use: Scroll            ||     5
       Potion            ||     1
Armor: Scale mail        ||    33
Dodge: Dodged            ||    24
Block: Buckler           ||    19

Table legend: (Time is in decaauts)
 A = Elapsed time spent in this place.
 B = Non-inter-level travel time spent in this place.
 C = Inter-level travel time spent in this place.
 D = Time resting spent in this place.
 E = Time spent auto-exploring this place.
 F = Levels seen in this place.
 G = Mean time per level.
                   A        B        C        D        E       F      G
               +--------+--------+--------+--------+--------+-----+--------+
         Total |   1621 |    392 |   1229 |    144 |      0 |   3 |  540.3 |
       Dungeon |   1621 |    392 |   1229 |    144 |      0 |   3 |  540.3 |
               +--------+--------+--------+--------+--------+-----+--------+

Top non-repeatable levels by time:
     D:1: 852 daAuts
     D:2: 692 daAuts
     D:3: 77 daAuts
